APP
BALTIMORE (RK+) ORIOLES @ ELIZABETHTON TWINS
09/12/2098
 
TOP OF THE 1ST
Baltimore (Rk+) Orioles batting - Pitching for Elizabethton Twins : RHP Felix Arredondo
Pitching: RHP Felix Arredondo
Batting: RHB Darius Williams 0-0: Ball
1-0: Swinging Strike
1-1: Ball
2-1: Called Strike
2-2: Fly out, F8 (Flyball, 89S, EV 95.6 MPH)
Batting: RHB Mike Gonya 0-0: Ball
1-0: Ground out 3-1 (Groundball, 34, EV 106.9 MPH)
Batting: RHB Jimmy Hesch 0-0: Foul Ball, location: 9LDF
0-1: DOUBLE (Line Drive, 78XD, EV 107.5 MPH)
Batting: RHB Malik Worley 0-0: Foul Ball, location: 7LSF
0-1: Swinging Strike
0-2: Ball
1-2: Ball
2-2: Strikes out swinging
Top of the 1st over - 0 runs, 1 hit, 0 errors, 1 left on base; Baltimore (Rk+) 0 - Elizabethton 0
BOTTOM OF THE 1ST
Elizabethton Twins batting - Pitching for Baltimore (Rk+) Orioles : RHP Miguel Cano
Pitching: RHP Miguel Cano
Batting: RHB Mike Connolly 0-0: Called Strike
0-1: Ground out 5-3 (Groundball, 56S, EV 66.9 MPH)
Batting: LHB Silas Lloyd 0-0: Called Strike
0-1: Foul Ball, location: 5F
0-2: Ground out 4-3 (Groundball, 4, EV 106.3 MPH)
Batting: RHB Guadalupe Aguirre 0-0: SINGLE (Groundball, 56D, EV 106.9 MPH)
Batting: LHB Ryan Taylor 0-0: Ball
1-0: Called Strike
1-1: Ball
2-1: Ground out 4-3 (Groundball, 4, EV 88.1 MPH)
Bottom of the 1st over - 0 runs, 1 hit, 0 errors, 1 left on base; Baltimore (Rk+) 0 - Elizabethton 0
TOP OF THE 2ND
Baltimore (Rk+) Orioles batting - Pitching for Elizabethton Twins : RHP Felix Arredondo
Batting: RHB John Larsen 0-0: Ball
1-0: Ball
2-0: Called Strike
2-1: Ball
3-1: Base on Balls
Batting: RHB Dylan Elliott 0-0: Ball
1-0: Foul Ball, location: 2F
1-1: Swinging Strike
1-2: Strikes out looking
Batting: RHB Mike Sexton 0-0: Called Strike
0-1: TRIPLE (Flyball, 89XD, EV 101.3 MPH)
John Larsen scores
Batting: RHB Rich Cruz 0-0: Foul Ball, location: 2F
0-1: Ball
1-1: Foul Ball, location: 23FF
1-2: Ball
2-2: Strikes out swinging
Batting: RHB Danny Phillips 0-0: Swinging Strike
0-1: Called Strike
0-2: Fly out, F8 (Flyball, 8LD, EV 100.0 MPH)
Top of the 2nd over - 1 run, 1 hit, 0 errors, 1 left on base; Baltimore (Rk+) 1 - Elizabethton 0
BOTTOM OF THE 2ND
Elizabethton Twins batting - Pitching for Baltimore (Rk+) Orioles : RHP Miguel Cano
Batting: RHB Jose Miranda 0-0: Ball
1-0: Ball
2-0: Foul Ball, location: 7LSFF
2-1: Called Strike
2-2: Ball
3-2: Base on Balls
Batting: RHB Butch Domingue 0-0: Ball
1-0: Called Strike
1-1: Swinging Strike
1-2: Foul Ball, location: 7LSFF
1-2: Fly out, F6 (Line Drive, 6, EV 63.8 MPH)
Batting: RHB Jesus Barillas 0-0: Called Strike
0-1: Called Strike
0-2: Foul Ball, location: 2F
0-2: Strikes out looking
Batting: RHB Mauricio Rivera 0-0: Ball
1-0: Ball
2-0: Fly out, F8 (Flyball, 8LXD, EV 108.1 MPH)
Bottom of the 2nd over - 0 runs, 0 hits, 0 errors, 1 left on base; Baltimore (Rk+) 1 - Elizabethton 0
TOP OF THE 3RD
Baltimore (Rk+) Orioles batting - Pitching for Elizabethton Twins : RHP Felix Arredondo
Batting: RHB Darius Williams 0-0: Swinging Strike
0-1: Ball
1-1: Ball
2-1: Ball
3-1: Fly out, F6 (Popup, P, EV 83.1 MPH)
Batting: RHB Mike Gonya 0-0: Called Strike
0-1: Ground out 2-3 (Groundball, 2L, EV 71.9 MPH)
Batting: RHB Jimmy Hesch 0-0: Ball
1-0: Called Strike
1-1: Called Strike
1-2: Ball
2-2: Ball
3-2: Ground out 5-3 (Groundball, 56, EV 104.4 MPH)
Top of the 3rd over - 0 runs, 0 hits, 0 errors, 0 left on base; Baltimore (Rk+) 1 - Elizabethton 0
BOTTOM OF THE 3RD
Elizabethton Twins batting - Pitching for Baltimore (Rk+) Orioles : RHP Miguel Cano
Batting: RHB Edgar Ochoa 0-0: Called Strike
0-1: Ball
1-1: Foul Ball, location: 9LDF
1-2: Strikes out looking
Batting: RHB Mike Connolly 0-0: Ball
1-0: Foul Ball, location: 25F
1-1: Fly out, F9 (Flyball, 89M, EV 98.1 MPH)
Batting: LHB Silas Lloyd 0-0: Ball
1-0: Called Strike
1-1: Foul Ball, location: 2F
1-2: Ball
2-2: Ball
3-2: Ground out 4-3 (Groundball, 4M, EV 87.5 MPH)
Bottom of the 3rd over - 0 runs, 0 hits, 0 errors, 0 left on base; Baltimore (Rk+) 1 - Elizabethton 0
TOP OF THE 4TH
Baltimore (Rk+) Orioles batting - Pitching for Elizabethton Twins : RHP Felix Arredondo
Batting: RHB Malik Worley 0-0: Ball
1-0: Called Strike
1-1: Ball
2-1: Called Strike
2-2: Ball
3-2: Foul Ball, location: 2F
3-2: Base on Balls
Batting: RHB John Larsen 0-0: Called Strike
0-1: Ball
1-1: SINGLE (Groundball, 4MD, EV 96.3 MPH)
Malik Worley to second
Pitching: LHP Bobby Castro
Batting: RHB Dylan Elliott 0-0: Swinging Strike
0-1: Ball
1-1: Foul Ball, location: 23F
1-2: Ball
2-2: DOUBLE (Flyball, 8RD, EV 110.6 MPH)
Malik Worley scores
John Larsen to third
Batting: RHB Mike Sexton 0-0: Ball
1-0: Ball
2-0: Called Strike
2-1: Ground out 6-3 (Groundball, 6, EV 91.9 MPH)
John Larsen scores
Batting: RHB Rich Cruz 0-0: Ball
1-0: Ball
2-0: Foul Ball, location: 3SF
2-1: Foul Ball, location: 2RF
2-2: Fly out, F8 (Flyball, 8RM, EV 87.5 MPH)
Batting: RHB Danny Phillips 0-0: Swinging Strike
0-1: Ball
1-1: Ball
2-1: SINGLE (Groundball, 34D, EV 100.6 MPH)
Dylan Elliott to third
Runner from 3rd tries for Home, SAFE, throw by RF to home
Batting: RHB Darius Williams 0-0: Foul Ball, location: 2F
0-1: Foul Ball, location: 9LMF
0-2: Strikes out swinging
Top of the 4th over - 3 runs, 3 hits, 0 errors, 1 left on base; Baltimore (Rk+) 4 - Elizabethton 0
BOTTOM OF THE 4TH
Elizabethton Twins batting - Pitching for Baltimore (Rk+) Orioles : RHP Miguel Cano
Batting: RHB Guadalupe Aguirre 0-0: Ball
1-0: Ball
2-0: Ball
3-0: Base on Balls
Batting: LHB Ryan Taylor 0-0: Ball
1-0: 2-RUN HOME RUN (Line Drive, 78XD, EV 106.9 MPH), Distance : 417 ft
Batting: RHB Jose Miranda 0-0: Ball
1-0: Ball
2-0: Called Strike
2-1: Ball
3-1: DOUBLE (Groundball, 5L, EV 99.4 MPH)
Batting: RHB Butch Domingue 0-0: Called Strike
0-1: SINGLE (Groundball, P, EV 82.5 MPH) (infield hit)
Jose Miranda to third
Batting: RHB Jesus Barillas 0-0: Foul Ball, location: 2F
0-1: Called Strike
Butch Domingue steals 2nd base
0-2: Strikes out swinging
Batting: RHB Mauricio Rivera 0-0: Ball
1-0: Ball
Wild Pitch!
Jose Miranda scores
Butch Domingue to third
2-0: Foul Ball, location: 2F
2-1: Ball
3-1: Foul Ball, location: 2F
3-2: Foul Ball, location: 9LDF
3-2: Base on Balls
Batting: RHB Edgar Ochoa 0-0: Called Strike
0-1: Fly out, F5 (Line Drive, 5L, EV 70.0 MPH)
Batting: RHB Mike Connolly 0-0: Foul Ball, location: 9LSF
0-1: Called Strike
0-2: Ball
1-2: Strikes out swinging
Bottom of the 4th over - 3 runs, 3 hits, 0 errors, 2 left on base; Baltimore (Rk+) 4 - Elizabethton 3
TOP OF THE 5TH
Baltimore (Rk+) Orioles batting - Pitching for Elizabethton Twins : LHP Bobby Castro
Batting: RHB Mike Gonya 0-0: Ball
1-0: Ball
2-0: Called Strike
2-1: Ball
3-1: Base on Balls
Batting: RHB Jimmy Hesch 0-0: Ball
1-0: Hit by Pitch
Mike Gonya to second
Batting: RHB Malik Worley 0-0: Hit by Pitch
Mike Gonya to third
Jimmy Hesch to second
Batting: RHB John Larsen 0-0: Foul Ball, location: 25F
0-1: Grounds into double play, 6-4-3 (Groundball, 6, EV 102.5 MPH)
Mike Gonya scores
Jimmy Hesch to third
Batting: RHB Dylan Elliott 0-0: Ball
1-0: Foul Ball, location: 25FF
1-1: Ball
2-1: Swinging Strike
2-2: Ball
3-2: Base on Balls
Batting: RHB Mike Sexton 0-0: Ball
1-0: Foul Ball, location: 3F
1-1: Ball
2-1: Foul Ball, location: 2F
2-2: Foul Ball, location: 7LSF
2-2: Strikes out swinging
Top of the 5th over - 1 run, 0 hits, 0 errors, 2 left on base; Baltimore (Rk+) 5 - Elizabethton 3
BOTTOM OF THE 5TH
Elizabethton Twins batting - Pitching for Baltimore (Rk+) Orioles : RHP Miguel Cano
Batting: LHB Silas Lloyd 0-0: Ball
1-0: Ball
2-0: Called Strike
2-1: SINGLE (Line Drive, 7S, EV 95.0 MPH)
Batting: RHB Guadalupe Aguirre 0-0: Ball
1-0: Ball
2-0: Ball
3-0: Base on Balls
Silas Lloyd to second
Pitching: RHP Gabriel Aguilar
Batting: LHB Ryan Taylor 0-0: Ball
1-0: Ball
2-0: Ball
3-0: Base on Balls
Silas Lloyd to third
Guadalupe Aguirre to second
Batting: RHB Jose Miranda 0-0: Ball
1-0: Called Strike
1-1: Grounds into fielders choice 4-2 (Groundball, 4, EV 106.3 MPH)
Guadalupe Aguirre to third
Ryan Taylor to second
Batting: RHB Butch Domingue 0-0: Ball
1-0: Foul Ball, location: 9LSF
1-1: Ball
2-1: SINGLE (Line Drive, 8RS, EV 96.9 MPH)
Guadalupe Aguirre scores
Ryan Taylor to third
Jose Miranda to second
Batting: RHB Jesus Barillas 0-0: Ball
1-0: Called Strike
1-1: Ball
2-1: Grounds into fielders choice 6-2 (Groundball, 6, EV 77.5 MPH)
Jose Miranda to third
Butch Domingue to second
Batting: RHB Mauricio Rivera 0-0: Fly out, F8 (Flyball, 8LD, EV 89.4 MPH)
Bottom of the 5th over - 1 run, 2 hits, 0 errors, 3 left on base; Baltimore (Rk+) 5 - Elizabethton 4
TOP OF THE 6TH
Baltimore (Rk+) Orioles batting - Pitching for Elizabethton Twins : LHP Bobby Castro
Batting: RHB Rich Cruz 0-0: Foul Ball, location: 2F
0-1: Foul Ball, location: 2RF
0-2: Ball
1-2: SINGLE (Line Drive, 8RS, EV 107.5 MPH)
Pitching: RHP Omar Carmona
Batting: RHB Danny Phillips 0-0: Foul Ball, location: 9LSF
0-1: Swinging Strike
0-2: Strikes out looking
Batting: RHB Darius Williams 0-0: Fly out, F8 (Flyball, 8RM, EV 95.0 MPH)
Batting: RHB Mike Gonya 0-0: Ball
1-0: Foul Ball, location: 9LDF
1-1: Fly out, F9 (Flyball, 89M, EV 88.8 MPH)
Top of the 6th over - 0 runs, 1 hit, 0 errors, 1 left on base; Baltimore (Rk+) 5 - Elizabethton 4
BOTTOM OF THE 6TH
Elizabethton Twins batting - Pitching for Baltimore (Rk+) Orioles : RHP Gabriel Aguilar
Batting: RHB Edgar Ochoa 0-0: Foul Ball, location: 9LSF
0-1: Ground out 1-3 (Groundball, 15, EV 68.8 MPH)
Batting: RHB Mike Connolly 0-0: Ground out 4-3 (Groundball, 4, EV 102.5 MPH)
Batting: LHB Silas Lloyd 0-0: SINGLE (Line Drive, 7S, EV 106.9 MPH)
Batting: RHB Guadalupe Aguirre 0-0: Ball
1-0: Ball
2-0: Foul Ball, location: 5FF
2-1: Swinging Strike
2-2: Fly out, F7 (Flyball, 78M, EV 94.4 MPH)
Bottom of the 6th over - 0 runs, 1 hit, 0 errors, 1 left on base; Baltimore (Rk+) 5 - Elizabethton 4
TOP OF THE 7TH
Baltimore (Rk+) Orioles batting - Pitching for Elizabethton Twins : RHP Omar Carmona
Pitching: LHP Alex Cruz
Batting: RHB Jimmy Hesch 0-0: Ball
1-0: Ball
2-0: SINGLE (Line Drive, 8LS, EV 103.1 MPH)
Batting: RHB Malik Worley 0-0: Foul Ball, location: 25FF
0-1: Foul Ball, location: 5SF
0-2: Ball
1-2: Foul Ball, location: 9LMF
1-2: Ball
2-2: Strikes out swinging
Batting: RHB John Larsen 0-0: Fielders Choice at 2nd, 4-6 (Groundball, 34, EV 97.5 MPH)
Batting: RHB Dylan Elliott 0-0: Foul Ball, location: 2F
0-1: Ball
John Larsen is caught stealing 2nd base 2-4
Top of the 7th over - 0 runs, 1 hit, 0 errors, 0 left on base; Baltimore (Rk+) 5 - Elizabethton 4
BOTTOM OF THE 7TH
Elizabethton Twins batting - Pitching for Baltimore (Rk+) Orioles : RHP Gabriel Aguilar
Batting: LHB Ryan Taylor 0-0: Ball
1-0: Ball
2-0: Ball
3-0: Called Strike
3-1: Base on Balls
Batting: RHB Jose Miranda 0-0: Ball
1-0: Foul Ball, location: 9LMF
1-1: Fly out, F8 (Flyball, 8LM, EV 77.5 MPH)
Batting: RHB Butch Domingue 0-0: Called Strike
0-1: SINGLE (Line Drive, 56, EV 95.6 MPH)
Ryan Taylor to second
Batting: RHB Jesus Barillas 0-0: Ball
1-0: DOUBLE (Groundball, 5L, EV 98.8 MPH)
Ryan Taylor scores
Butch Domingue to third
Runner from 3rd tries for Home, SAFE, no throw by LF
Pitching: RHP Raul Pagan
Batting: RHB Mauricio Rivera 0-0: SINGLE (Groundball, 34D, EV 95.6 MPH)
Jesus Barillas to third
Runner from 3rd tries for Home, SAFE, throw by RF to home
Batting: RHB Edgar Ochoa 0-0: Ball
Mauricio Rivera steals 2nd base
1-0: Swinging Strike
1-1: Ball
2-1: Swinging Strike
2-2: Strikes out swinging
Batting: RHB Mike Connolly 0-0: Called Strike
0-1: Ball
1-1: Ground out 5-3 (Groundball, 56S, EV 93.8 MPH)
Bottom of the 7th over - 3 runs, 3 hits, 0 errors, 1 left on base; Baltimore (Rk+) 5 - Elizabethton 7
TOP OF THE 8TH
Baltimore (Rk+) Orioles batting - Pitching for Elizabethton Twins : LHP Alex Cruz
Batting: RHB Dylan Elliott 0-0: Ball
1-0: DOUBLE (Flyball, 8LD, EV 89.4 MPH)
Batting: RHB Mike Sexton 0-0: Called Strike
0-1: Ball
1-1: Ball
2-1: Ball
3-1: Foul Ball, location: 2F
3-2: Strikes out looking
Pinch Hitting: SHB Edgar Pedraza 0-0: Ball
1-0: Called Strike
1-1: Ball
2-1: Ball
3-1: Base on Balls
Pinch Hitting: RHB Greg Payne 0-0: Fly out, F7 (Flyball, 7, EV 90.6 MPH)
Pinch Hitting: RHB Jose Santiago 0-0: Ground out 4-3 (Groundball, 4, EV 98.1 MPH)
Top of the 8th over - 0 runs, 1 hit, 0 errors, 2 left on base; Baltimore (Rk+) 5 - Elizabethton 7
BOTTOM OF THE 8TH
Elizabethton Twins batting - Pitching for Baltimore (Rk+) Orioles : RHP Raul Pagan
Now at C: Zack Weidner
Now at SS: Edgar Pedraza
Now in CF: Jose Estrada
Batting: LHB Silas Lloyd 0-0: Ball
1-0: Ground out 4-3 (Groundball, 4, EV 101.3 MPH)
Batting: RHB Guadalupe Aguirre 0-0: DOUBLE (Line Drive, 9LM, EV 95.6 MPH)
Batting: LHB Ryan Taylor 0-0: Ball
1-0: Ball
2-0: DOUBLE (Line Drive, 5D, EV 108.8 MPH)
Guadalupe Aguirre scores
Batting: RHB Jose Miranda 0-0: Called Strike
0-1: Ball
1-1: Foul Ball, location: 5F
1-2: Fly out, F9 (Flyball, 89D, EV 98.1 MPH)
Runner from 2nd tags up, SAFE at 3rd with throw by RF
Batting: RHB Butch Domingue 0-0: Fly out, F6 (Popup, 6D, EV 75.0 MPH)
Bottom of the 8th over - 1 run, 2 hits, 0 errors, 1 left on base; Baltimore (Rk+) 5 - Elizabethton 8
TOP OF THE 9TH
Baltimore (Rk+) Orioles batting - Pitching for Elizabethton Twins : LHP Alex Cruz
Pitching: RHP Albert Portillo
Batting: SHB Xavier Rios 0-0: Ball
1-0: Called Strike
1-1: Ball
2-1: Foul Ball, location: 3F
2-2: Strikes out swinging
Batting: RHB Jimmy Hesch 0-0: Ball
1-0: Ball
2-0: DOUBLE (Line Drive, 7LM, EV 98.8 MPH)
Batting: RHB Malik Worley 0-0: Ball
1-0: Ball
2-0: Ball
3-0: Called Strike
3-1: Ground out 4-3 (Groundball, 4S, EV 77.5 MPH)
Jimmy Hesch to third
Batting: RHB John Larsen 0-0: DOUBLE (Flyball, 8LXD, EV 92.5 MPH)
Jimmy Hesch scores
Batting: RHB Dylan Elliott 0-0: Hit by Pitch
Batting: RHB Mike Sexton 0-0: Called Strike
0-1: Ball
1-1: Swinging Strike
1-2: Ball
2-2: Foul Ball, location: 2F
2-2: Ball
3-2: Foul Ball, location: 2F
3-2: SINGLE (Line Drive, 9S, EV 90.0 MPH)
John Larsen to third
Dylan Elliott to second
John Larsen scores
Dylan Elliott to third
Batting: SHB Edgar Pedraza 0-0: Foul Ball, location: 3F
0-1: Ball
1-1: SINGLE (Line Drive, 4D, EV 96.3 MPH)
Dylan Elliott scores
Mike Sexton to second
Runner from 2nd tries for 3rd, SAFE, no throw by RF
Batting: LHB Jose Estrada 0-0: Ball
1-0: Foul Ball, location: 2F
1-1: Ball
2-1: Ball
3-1: Called Strike
3-2: Foul Ball, location: 2F
3-2: Strikes out looking
Top of the 9th over - 3 runs, 4 hits, 0 errors, 2 left on base; Baltimore (Rk+) 8 - Elizabethton 8
BOTTOM OF THE 9TH
Elizabethton Twins batting - Pitching for Baltimore (Rk+) Orioles : RHP Raul Pagan
Pitching: RHP Carlos Moreno
Pinch Hitting: RHB Jason Miller 0-0: Ball
1-0: SINGLE (Line Drive, 7S, EV 98.1 MPH)
Pinch Hitting: LHB Jordan Carter 0-0: Ball
1-0: Ball
2-0: Ball
3-0: Called Strike
3-1: Base on Balls
Jason Miller to second
Pinch Hitting: RHB Mike Lyons 0-0: Ball
1-0: Reached on error, E5 (Groundball, 5, EV 81.3 MPH)
Jason Miller to third
Jordan Carter to second
Batting: RHB Mike Connolly 0-0: Ball
1-0: Called Strike
1-1: Called Strike
1-2: Foul Ball, location: 5FF
1-2: Foul Ball, location: 2F
1-2: Ball
2-2: Strikes out swinging
Batting: LHB Silas Lloyd 0-0: Ball
1-0: Fly out, F6 (Popup, 6S, EV 76.9 MPH)
Batting: RHB Guadalupe Aguirre 0-0: Fly out, F8 (Line Drive, 78D, EV 93.1 MPH)
Bottom of the 9th over - 0 runs, 1 hit, 1 error, 3 left on base; Baltimore (Rk+) 8 - Elizabethton 8
TOP OF THE 10TH
Baltimore (Rk+) Orioles batting - Pitching for Elizabethton Twins : RHP Albert Portillo
Jose Estrada starts the inning at 2nd base.
Pitching: RHP Danny Sobrin
Now at C: Edwin Garcia
Now at 3B: Jordan Carter
Now in CF: Ivan Perez
Pinch Hitting: RHB Lee O'Reilly 0-0: Foul Ball, location: 9LMF
0-1: Swinging Strike
0-2: Ball
1-2: Strikes out swinging
Batting: SHB Xavier Rios 0-0: Fly out, F7 (Flyball, 78D, EV 104.4 MPH)
Batting: RHB Jimmy Hesch 0-0: Ball
1-0: Ground out 6-3 (Groundball, 6, EV 80.0 MPH)
Top of the 10th over - 0 runs, 0 hits, 0 errors, 1 left on base; Baltimore (Rk+) 8 - Elizabethton 8
BOTTOM OF THE 10TH
Elizabethton Twins batting - Pitching for Baltimore (Rk+) Orioles : RHP Carlos Moreno
Guadalupe Aguirre starts the inning at 2nd base.
Now at C: Juan Cidral
Batting: LHB Ryan Taylor 0-0: Ball
1-0: Foul Ball, location: 7LSF
1-1: Called Strike
1-2: Strikes out swinging
Batting: RHB Jose Miranda 0-0: Ball
1-0: Ball
2-0: Ball
3-0: Called Strike
3-1: Base on Balls
Batting: RHB Butch Domingue 0-0: Fly out, F4 (Popup, 34, EV 66.3 MPH)
Batting: RHB Ivan Perez 0-0: Called Strike
0-1: Foul Ball, location: 2F
0-2: Ball
1-2: Ball
2-2: Ball
3-2: Base on Balls
Guadalupe Aguirre to third
Jose Miranda to second
Pitching: LHP Miguel Urquidi
Pinch Hitting: RHB Mike Trudelle 0-0: Ball
1-0: Ball
2-0: Ball
3-0: Base on Balls
Guadalupe Aguirre scores
Jose Miranda to third
Ivan Perez to second
Bottom of the 10th over - 1 run, 0 hits, 0 errors, 3 left on base; Baltimore (Rk+) 8 - Elizabethton 9
Sunday, April 14th , 2024 - OOTP Baseball 24.11 Build 85